 Dungeon Crawl Stone Soup version 0.28-a0-1344-g6b9ff3a05d (webtiles) character file.

Game seed: 91287680074079788

1471 Deminshera the Covert (level 9, -5/54 HPs)
             Began as a Kobold Brigand on Dec 29, 2021.
             Was an Initiate of Dithmenos.
             Slain by an orc warrior (13 damage)
             ... on level 7 of the Dungeon.
             The game lasted 00:08:30 (7799 turns).

Deminshera the Covert (Kobold Brigand)              Turns: 7799, Time: 00:08:31

Health: -5/54      AC:  7    Str: 10    XL:     9   Next: 6%
Magic:  9/9        EV: 13    Int: 12    God:    Dithmenos [......]
Gold:   499        SH:  0    Dex: 19    Spells: 8/8 levels left

rFire   . . .      SeeInvis .   t - +2 short sword (speed)
rCold   . . .      Faith    .   (no shield)
rNeg    . . .      Spirit   .   e - +3 leather armour {rPois}
rPois   +          Reflect  .   (no helmet)
rElec   .          Harm     .   c - +0 cloak
rCorr   .          Rampage  .   (no gloves)
Will    .....                   (no boots)
Stlth   +++++.....              (no amulet)
HPRegen 0.18/turn               (no ring)
MPRegen 0.11/turn               (no ring)

@: no status effects
A: small, no large weapons, nightstalker 3
a: Renounce Religion


You were on level 7 of the Dungeon.
You worshipped Dithmenos.
Dithmenos was noncommittal.
You visited 2 branches of the dungeon, and saw 9 of its levels.

You collected 499 gold pieces.

Inventory:

Hand Weapons
 a - a +2 dagger
 t - a +2 short sword of speed (weapon)
Missiles
 d - a poisoned dart (quivered)
 m - a throwing net
 y - 2 curare-tipped darts
Armour
 c - a +0 cloak (worn)
 e - a +3 leather armour of poison resistance (worn)
 u - a +1 ring mail of cold resistance
Wands
 o - a wand of paralysis (9)
Scrolls
 f - a scroll of enchant weapon {unknown}
 g - 4 scrolls of teleportation
 j - 2 scrolls of fog
 k - a scroll of amnesia
 l - 3 scrolls of noise
 n - a scroll of enchant armour {unknown}
 s - a scroll of holy word {unknown}
 x - a scroll of identify {unknown}
Potions
 b - a potion of might
 h - a potion of flight {unknown}
 i - 3 potions of curing {unknown}
 p - a potion of brilliance {unknown}
 q - a potion of magic {unknown}
 r - 4 potions of heal wounds {unknown}
 v - a potion of mutation {unknown}
 w - a potion of haste {unknown}
 z - a potion of lignification {unknown}
 A - a potion of degeneration {unknown}


   Skills:
 - Level 5.0 Fighting
 - Level 5.0 Short Blades
 - Level 2.1 Throwing
 - Level 1.2 Dodging
 + Level 10.3 Stealth
 - Level 8.0 Evocations


You had 8 spell levels left.
You didn't know any spells.
Your spell library was empty.

Dungeon Overview and Level Annotations

Branches:
Dungeon (8/15)             Temple (1/1) D:5
   Lair: D:8-11

Altars:
Dithmenos
Fedhas
Gozag
Hepliaklqana
Okawaru
Wu Jian
The Shining One


Innate Abilities, Weirdness & Mutations

You are small and have problems with some larger weapons.
You are completely attuned to the shadows.


Message History

The orc warrior is lightly wounded.
The orc warrior hits you with a +0 long sword.
You barely miss the orc warrior.
The orc warrior is lightly wounded.
You hit the orc warrior.
The orc warrior is moderately wounded.
The orc warrior hits you but does no damage.
You hit the orc warrior but do no damage.
The orc warrior is moderately wounded.
You hit the orc warrior but do no damage.
The orc warrior is moderately wounded.
The orc warrior hits you with a +0 long sword!
You are too injured to fight recklessly!
You are too injured to fight recklessly!
You are too injured to fight recklessly!
You hit the orc warrior.
The orc warrior is moderately wounded.
The orc warrior looks more healthy.
The orc warrior misses you.
You hit the orc warrior.
The orc warrior is heavily wounded.
You hit the orc warrior but do no damage.
The orc warrior is heavily wounded.
The orc looks more healthy.
The orc warrior closely misses you.
You closely miss the orc warrior.
The orc warrior is heavily wounded.
You hit the orc warrior but do no damage.
The orc warrior is heavily wounded.
The orc warrior barely misses you.
You hit the orc warrior.
The orc warrior is heavily wounded.
You hit the orc warrior but do no damage.
The orc warrior is heavily wounded.
You kill the orc!
Dithmenos accepts your kill.
The orc warrior hits you with a +0 long sword!!
* * * LOW HITPOINT WARNING * * *
You barely miss the orc warrior.
The orc warrior is heavily wounded.
The orc warrior hits you with a +0 long sword!
You die...

$#.#..#.###########
#.#.#............<#
.#.#..#.###########
#.#.#.#.# .#.#).#.#
.#.#.#.#.# #.#.#..#
.<...).# ###@#...#
#o#.### #o#.# #o#.#
#.#


You could see an orc warrior and 2 orcs.

Vanquished Creatures
  A kobold demonologist (D:5)
  Edmund (D:6)
  Duvessa (D:6)
  A water moccasin (D:5)
  2 sky beasts
  2 ogres
  Dowan (D:6)
  A water moccasin skeleton (D:6)
  A howler monkey (D:6)
  A jelly (D:4)
  3 hounds
  Crazy Yiuf (D:6)
  A bullfrog skeleton (D:5)
  An iguana (D:4)
  An orc wizard (D:7)
  A hound zombie (D:5)
  A gnoll (D:4)
  3 adders
  3 white imps
  2 ufetubi
  2 worms
  2 dart slugs
  8 orcs
  4 ball pythons
  7 endoplasms
  9 giant cockroaches
  5 goblins
  5 hobgoblins
  4 jackals
  3 quokkas
  8 bats
  8 frilled lizards
  7 kobolds
  3 rats
104 creatures vanquished.

Notes
Turn   | Place    | Note
-------+----------+-------------------------------------------
     0 | D:1      | Deminshera the Kobold Brigand began the quest for the Orb.
     0 | D:1      | Reached XP level 1. HP: 12/12 MP: 1/1
    94 | D:1      | Reached XP level 2. HP: 15/18 MP: 2/2
   514 | D:1      | Found a faded altar of an unknown god.
   537 | D:1      | Reached XP level 3. HP: 22/22 MP: 3/3
   982 | D:2      | Reached skill level 6 in Stealth
  1392 | D:2      | Reached XP level 4. HP: 28/28 MP: 4/4
  3444 | D:4      | Reached XP level 5. HP: 33/33 MP: 5/5
  4023 | D:4      | Reached skill level 7 in Stealth
  4023 | D:4      | Reached XP level 6. HP: 38/38 MP: 6/6
  4071 | D:4      | Reached skill level 5 in Short Blades
  4071 | D:4      | Found an iron altar of Okawaru.
  4071 | D:4      | Found an ornate altar of the Wu Jian Council.
  4583 | D:5      | Entered Level 5 of the Dungeon
  4669 | D:5      | Noticed an ogre
  4675 | D:5      | Killed an ogre
  4777 | D:5      | Noticed a sky beast
  4781 | D:5      | Killed a sky beast
  4782 | D:5      | Reached skill level 5 in Fighting
  4782 | D:5      | Reached skill level 8 in Stealth
  4782 | D:5      | Reached XP level 7. HP: 44/44 MP: 7/7
  4802 | D:5      | You fall into a shaft and drop 3 floors!
  4977 | D:6      | Reached skill level 9 in Stealth
  4988 | D:6      | Noticed Edmund
  5256 | D:5      | Noticed a water moccasin
  5259 | D:5      | Killed a water moccasin
  5260 | D:5      | Reached skill level 10 in Stealth
  5264 | D:5      | Reached skill level 1 in Evocations
  5354 | D:5      | Reached XP level 8. HP: 49/49 MP: 8/8
  5368 | D:5      | Found a hazy altar of Hepliaklqana.
  5629 | D:5      | Noticed a kobold demonologist
  5633 | D:5      | Killed a kobold demonologist
  5634 | D:5      | Reached skill level 5 in Evocations
  5642 | D:5      | Found a staircase to the Ecumenical Temple.
  5648 | Temple   | Entered the Ecumenical Temple
  5697 | Temple   | Became a worshipper of Dithmenos the Shadowed
  6285 | D:6      | Noticed Duvessa
  6328 | D:6      | Killed Duvessa
  6329 | D:6      | Noticed Dowan
  6333 | D:6      | Killed Dowan
  6615 | D:6      | Killed Edmund
  6733 | D:6      | Found a runed translucent door.
  6736 | D:6      | Noticed Crazy Yiuf
  6741 | D:6      | Killed Crazy Yiuf
  7323 | D:6      | HP: 2/49 [ogre (27)]
  7326 | D:6      | Reached XP level 9. HP: 2/54 MP: 9/9
  7776 | D:7      | Identified the +8 longbow of the Kidney {venom, Stlth+}
  7799 | D:7      | Slain by an orc warrior

Illustrated notes

Levels and vault maps discovered:
D:1:      saegor_arrival_simple_b, layout_basic, ebering_ecumenical_altar_ruins,
          minmay_hexomino_c4
D:2:      layout_loops_cross, nicolae_figureground_pulse
D:3:      layout_loops_ring, kennysheep_generic_room_16
D:4:      layout_loops_corners, jmf_multi_god_temple, cheibrodos_gnoll_hut
D:5:      layout_loops_ring, marbit_many_paths, minmay_temple_entry_fiery,
          minmay_tree_intersection
D:6:      layout_rooms, uniq_edmund, uniq_crazy_yiuf_cottage, uniq_duvessa
D:7:      layout_basic, nicolae_stop_n_shop_1, nicolae_underground_beach
D:8:      cheibrodos_barr_body, layout_gridville, uniq_joseph, uniq_grum,
          uniq_prince_ribbit1
Temple:   regret_index_temple_mists

Skill      XL: |  1  2  3  4  5  6  7  8 |
---------------+-------------------------+-----
Short Blades   | 3 4 5 |  5.0
Stealth        | 6 7 8 10 | 10.3
Fighting       | 3 4 5 |  5.0
Evocations     | 2 8 |  8.0
Throwing       | |  2.1
Dodging        | |  1.2

Action                   |  1- 3 |  4- 6 |  7- 9 || total
-------------------------+-------+-------+-------++-------
Melee: Dagger            |    93 |    71 |       ||   164
       Short sword       |       |    11 |   126 ||   137
Throw: Dart              |       |     9 |    11 ||    20
Evoke: Wand              |       |       |     4 ||     4
  Use: Potion            |       |     1 |       ||     1
       Scroll            |       |       |     4 ||     4
 Stab: Sleeping          |    26 |    19 |    15 ||    60
       Paralysed         |       |       |     4 ||     4
Armor: Robe              |    16 |    13 |       ||    29
       Ring mail         |       |       |    18 ||    18
       Leather armour    |       |       |     1 ||     1
Dodge: Dodged            |    44 |    66 |    50 ||   160

Table legend: (Time is in decaauts)
 A = Elapsed time spent in this place.
 B = Non-inter-level travel time spent in this place.
 C = Inter-level travel time spent in this place.
 D = Time resting spent in this place.
 E = Time spent auto-exploring this place.
 F = Levels seen in this place.
 G = Mean time per level.
                   A        B        C        D        E       F      G
               +--------+--------+--------+--------+--------+-----+--------+
         Total |   7727 |   7545 |    182 |   2043 |   4555 |   9 |  858.6 |
       Dungeon |   7652 |   7480 |    172 |   2043 |   4511 |   8 |  956.5 |
        Temple |     74 |     64 |     10 |      0 |     44 |   1 |   74.0 |
               +--------+--------+--------+--------+--------+-----+--------+

Top non-repeatable levels by time:
     D:3: 1919 daAuts
     D:6: 1711 daAuts
     D:5: 1186 daAuts
     D:4: 1026 daAuts
     D:1: 931 daAuts
     D:2: 674 daAuts
     D:7: 195 daAuts
  Temple: 74 daAuts
     D:8: 7 daAuts
